 Dungeon Crawl Stone Soup version 0.31-a0-819-gf6de2f5ab6 (webtiles) character file.

Game seed: 14649521707306239283

359 croobank the Ruffian (level 6, -6/47 HPs)
             Began as a Gnoll Shapeshifter on Sept 24, 2023.
             Mangled by a sleepcap (8 damage)
             ... on level 4 of the Dungeon.
             The game lasted 00:10:46 (4566 turns).

croobank the Ruffian (Gnoll Shapeshifter)           Turns: 4566, Time: 00:10:46

Health: -6/47      AC:  2    Str: 13    XL:     6   Next: 65%
Magic:  9/9        EV: 13    Int: 12    God:
Gold:   193        SH:  5    Dex: 11    Spells: 9/9 levels left

rFire   . .          .
                       - Unarmed
rCold   . . .        (no shield)
rNeg    . . .        a - +0 animal skin
rPois   +            (helmet currently unavailable)
rElec   .            (cloak currently unavailable)
rCorr   .            (gloves currently unavailable)
SInv    .            (boots currently unavailable)
Will    .....        w - amulet of reflection
Stlth   ++           v - ring of poison resistance
HPRegen 0.27/turn    (no ring)
MPRegen 0.11/turn

%: reflection
@: beast-form, attractive
A: beast (slay +3), fangs 1, strong nose, distributed training
a: Begin Untransformation


You were on level 4 of the Dungeon.
You were a hulking beast.
You visited 1 branch of the dungeon, and saw 4 of its levels.

You collected 193 gold pieces.

Inventory:

Hand Weapons
 b - a +0 sling
 e - a +1 dagger of electrocution
Missiles
 k - 2 poisoned darts
 q - a datura-tipped dart
Armour
 a - a +0 animal skin (worn)
 h - a +0 kite shield
 n - a +0 ring mail
 p - a +0 cloak
Jewellery
 g - a ring of fire
 s - a ring of fire
 v - a ring of poison resistance (left hand)
 w - an amulet of reflection (around neck)
Talismans
 c - a beast talisman (active)
 d - a flux talisman
Scrolls
 f - a scroll of teleportation
 j - a scroll of noise
 t - a scroll of fog {unknown}
 u - 2 scrolls of enchant weapon {unknown}
Potions
 m - a potion of mutation
 o - a potion of brilliance


   Skills:
 + Level 3.3 Fighting
 + Level 2.1 Short Blades
 + Level 2.1 Long Blades
 + Level 2.1 Axes
 + Level 2.1 Maces & Flails
 + Level 2.1 Polearms
 + Level 2.1 Staves
 + Level 2.1 Ranged Weapons
 + Level 2.1 Throwing
 + Level 2.1 Armour
 + Level 5.0 Dodging
 + Level 2.1 Stealth
 + Level 2.1 Shields
 + Level 6.9 Unarmed Combat
 + Level 2.1 Spellcasting
 + Level 1.6 Conjurations
 + Level 1.6 Hexes
 + Level 1.6 Summonings
 + Level 1.6 Necromancy
 + Level 1.6 Translocations
 + Level 1.6 Transmutations
 + Level 1.6 Fire Magic
 + Level 1.6 Ice Magic
 + Level 1.6 Air Magic
 + Level 1.6 Earth Magic
 + Level 1.6 Poison Magic
 + Level 2.3 Invocations
 + Level 2.1 Evocations
 + Level 6.8 Shapeshifting


You had 9 spell levels left.
You didn't know any spells.
Your spell library contained the following spells:

 Spells                   Type           Power      Damage    Failure   Level
 Ensorcelled Hibernation  Hex/Ice        10%        N/A       21%         2
 Passwall                 Tmut/Erth      4%         N/A       21%         2
 Swiftness                Air            5%         N/A       38%         3


Dungeon Overview and Level Annotations

Branches:
Dungeon (4/15)
 Temple: D:4-7

Altars:


Innate Abilities, Weirdness & Mutations

You are a hulking beast.
Your limbs bulge with bestial killing power. (Slay +3)
You have very sharp teeth.
Your uncanny sense of smell can sniff out nearby items.
Your experience applies equally to all skills.


Message History

The orc wizard hits you with a +0 dagger.
You hit the orc wizard.
The orc wizard is heavily wounded.
The orc wizard casts a spell at you. The magic dart hits you!
You punch the orc wizard!
You kill the orc wizard!
An orc comes into view. It is wielding a +0 flail.
The orc shouts!
You hear a shout!
Things that are here:
a +0 dagger; a +0 robe; an orc corpse The sleepcap closely misses you.
Things that are here:
a +0 dagger; a +0 robe; an orc corpse The sleepcap attacks as it pursues you!
The sleepcap releases spores at you.
You punch the sleepcap!
The sleepcap is moderately damaged.
The sleepcap releases spores at you.
You are engulfed in a cloud of soporific spores!
You fall asleep.
The sleepcap releases spores at you!!
You wake up.
* * * LOW HITPOINT WARNING * * *
You punch the sleepcap! You bite the sleepcap.
The sleepcap is severely damaged.
The sleepcap releases spores at you.
* * * LOW HITPOINT WARNING * * *
You hit the sleepcap but do no damage.
The sleepcap is severely damaged.
The sleepcap barely misses you.
You hit the sleepcap. You punch the sleepcap.
The sleepcap is almost destroyed.
The sleepcap releases spores at you!
* * * LOW HITPOINT WARNING * * *
You are engulfed in a cloud of soporific spores!
You are unaffected.
It was a potion of attraction.
You feel attractive to monsters.
A hound comes into view.
The sleepcap releases spores at you!
You die...

#..#.[#.#.#..##
#..#..#.#.....#
###.....#.####.##
#...............#
...##..h...##.#######
.......o..###.#
.........o....#
....#.###f#####
.[...? #h# ....# #.#
o... #.# .o$ #.# ..
#.# #.# ..# ###


You could see a sleepcap, a hound (wandering), an orc priest and an orc.

Vanquished Creatures
  A gnoll bouda (D:3)
  An orc wizard (D:4)
  11 gnolls (D:3)
  5 adders
  4 worms
  2 dart slugs (D:1)
  3 endoplasms
  2 giant cockroaches (D:1)
  34 goblins
  33 hobgoblins
  6 kobolds
  4 quokkas
  3 ball pythons
  7 bats
  A frilled lizard (D:2)
  A rat (D:3)
118 creatures vanquished.

Vanquished Creatures (collateral kills)
  A gnoll (D:3)
  A giant cockroach (D:3)
2 creatures vanquished.

Vanquished Creatures (others)
  A worm (D:3)
  A goblin (D:3)
2 creatures vanquished.

Grand Total: 122 creatures vanquished

Notes
Turn   | Place    | Note
-------+----------+-------------------------------------------
     0 | D:1      | croobank the Gnoll Shapeshifter began the quest for the
                  | Orb.
     0 | D:1      | Reached XP level 1. HP: 17/17 MP: 1/1
    82 | D:1      | Reached XP level 2. HP: 13/23 MP: 2/2
   819 | D:1      | Reached XP level 3. HP: 24/28 MP: 3/3
  1529 | D:2      | Reached skill level 1 in Invocations
  1721 | D:2      | Reached skill level 1 in Short Blades
  1721 | D:2      | Reached skill level 1 in Long Blades
  1721 | D:2      | Reached skill level 1 in Axes
  1721 | D:2      | Reached skill level 1 in Maces & Flails
  1721 | D:2      | Reached skill level 1 in Polearms
  1721 | D:2      | Reached skill level 1 in Staves
  1721 | D:2      | Reached skill level 1 in Ranged Weapons
  1721 | D:2      | Reached skill level 1 in Throwing
  1721 | D:2      | Reached skill level 1 in Armour
  1721 | D:2      | Reached skill level 1 in Stealth
  1721 | D:2      | Reached skill level 1 in Shields
  1721 | D:2      | Reached skill level 1 in Spellcasting
  1721 | D:2      | Reached skill level 1 in Evocations
  1786 | D:2      | Reached XP level 4. HP: 32/34 MP: 5/5
  2207 | D:2      | Reached skill level 1 in Conjurations
  2207 | D:2      | Reached skill level 1 in Hexes
  2207 | D:2      | Reached skill level 1 in Summonings
  2207 | D:2      | Reached skill level 1 in Necromancy
  2207 | D:2      | Reached skill level 1 in Translocations
  2207 | D:2      | Reached skill level 1 in Transmutations
  2207 | D:2      | Reached skill level 1 in Fire Magic
  2207 | D:2      | Reached skill level 1 in Ice Magic
  2207 | D:2      | Reached skill level 1 in Air Magic
  2207 | D:2      | Reached skill level 1 in Earth Magic
  2207 | D:2      | Reached skill level 1 in Poison Magic
  2260 | D:2      | Found a faded altar of an unknown god.
  2707 | D:3      | Reached XP level 5. HP: 10/40 MP: 5/7
  3110 | D:3      | Reached XP level 6. HP: 24/47 MP: 8/8
  3757 | D:3      | Reached skill level 5 in Dodging
  4565 | D:4      | HP: 2/47 [sleepcap (7)]
  4566 | D:4      | Mangled by a sleepcap

Illustrated notes

Levels and vault maps discovered:
D:1:      dpeg_arrival_simpleton_c, layout_loops_ring, serial_glass,
          glass_columns_a, glass_columns_a, glass_columns_c, glass_columns_a,
          glass_columns_a, glass_columns_b, minmay_strange_pillars,
          feat_on_display, minmay_strange_pillars
D:2:      layout_loops_corners, shapermc_ecumenical_altar_flowoftime, uniq_robin
D:3:      minmay_goblin_kobold_castle, layout_loops_cross, grunt_ministairs_6
D:4:      layout_basic

Skill      XL: |  1  2  3  4  5  6 |
---------------+-------------------+-----
Invocations    | 1 2 |  2.3
Short Blades   | 1 2 |  2.1
Long Blades    | 1 2 |  2.1
Axes           | 1 2 |  2.1
Maces & Flails | 1 2 |  2.1
Polearms       | 1 2 |  2.1
Staves         | 1 2 |  2.1
Ranged Weapons | 1 2 |  2.1
Throwing       | 1 2 |  2.1
Armour         | 1 2 |  2.1
Stealth        | 1 2 |  2.1
Shields        | 1 2 |  2.1
Spellcasting   | 1 2 |  2.1
Evocations     | 1 2 |  2.1
Conjurations   | 1 |  1.6
Hexes          | 1 |  1.6
Summonings     | 1 |  1.6
Necromancy     | 1 |  1.6
Translocations | 1 |  1.6
Transmutations | 1 |  1.6
Fire Magic     | 1 |  1.6
Ice Magic      | 1 |  1.6
Air Magic      | 1 |  1.6
Earth Magic    | 1 |  1.6
Poison Magic   | 1 |  1.6
Fighting       | 3 |  3.3
Dodging        | 5 |  5.0
Unarmed Combat | |  6.9
Shapeshifting  | |  6.8

Action                     |  1- 3 |  4- 6 || total
---------------------------+-------+-------++-------
  Melee: Unarmed           |    70 |   181 ||   251
         Bite              |     4 |    18 ||    22
         Punch             |       |    10 ||    10
   Fire: Sling             |       |    21 ||    21
  Throw: Dart              |       |     5 ||     5
    Use: Scroll            |       |     9 ||     9
         Potion            |       |     6 ||     6
   Stab: Sleeping          |     2 |     2 ||     4
 Armour: Animal skin       |    30 |    88 ||   118
         Skin              |       |    18 ||    18
  Dodge: Dodged            |    38 |   110 ||   148
  Block: Other             |       |    34 ||    34
         Reflection        |       |     3 ||     3

Table legend: (Time is in decaauts)
 A = Elapsed time spent in this place.
 B = Non-inter-level travel time spent in this place.
 C = Inter-level travel time spent in this place.
 D = Time resting spent in this place.
 E = Time spent auto-exploring this place.
 F = Levels seen in this place.
 G = Mean time per level.
                   A        B        C        D        E       F      G
               +--------+--------+--------+--------+--------+-----+--------+
         Total |   4543 |   4461 |     82 |   1248 |   2293 |   4 | 1135.8 |
       Dungeon |   4543 |   4461 |     82 |   1248 |   2293 |   4 | 1135.8 |
               +--------+--------+--------+--------+--------+-----+--------+

Top non-repeatable levels by time:
     D:3: 1981 daAuts
     D:1: 1371 daAuts
     D:2: 1015 daAuts
     D:4: 174 daAuts
